 Dungeon Crawl Stone Soup version 0.31-a0-1237-gabc64e778c (webtiles) character file.

Game seed: 4126294929946849082

58 Curundu the Poker (level 3, -1/34 HPs)
             Began as a Minotaur Berserker on Dec 15, 2023.
             Was a Believer of Trog.
             Succumbed to an orc's poison
             ... on level 3 of the Dungeon.
             The game lasted 00:03:30 (1434 turns).

Curundu the Poker (Minotaur Berserker)              Turns: 1434, Time: 00:03:31

Health: -1/34      AC: 11    Str: 23    XL:     3   Next: 76%
Magic:  11/11      EV:  7    Int:  4    God:    Trog [**....]
Gold:   131        SH:  0    Dex: 13    Spells: 2/2 levels left

rFire   . . .        a - +0 spear
rCold   + . .        (no shield)
rNeg    . . .        k - +0 plate armour
rPois   .            (helmet restricted)
rElec   .            (no cloak)
rCorr   .            (no gloves)
SInv    .            (no boots)
Will    .....        (no amulet) Stlth
                     j - ring "Pus Qetu" {rC+ MP+9 Dex+4}
HPRegen 0.25/turn    (no ring)
MPRegen 0.12/turn

%: no passive effects
@: lethally poisoned (-1 -> -18)
A: horns 2, retaliatory headbutt
a: Renounce Religion, Berserk, Trog's Hand


You were on level 3 of the Dungeon.
You worshipped Trog.
Trog was pleased with you.
You visited 1 branch of the dungeon, and saw 3 of its levels.

You collected 131 gold pieces.

Inventory:

Hand Weapons
 a - a +0 spear (weapon)
Armour
 b - a +0 animal skin
 k - a +0 plate armour (worn)
Jewellery
 j - the ring "Pus Qetu" (left hand) {rC+ MP+9 Dex+4}
   (You found it on level 2 of the Dungeon)

   [ring of magical power]

   Dex+4:     It affects your dexterity (+4).
   rC+:       It protects you from cold.
   MP+9:      It affects your magic capacity (+9).
Scrolls
 c - a scroll of revelation {unknown}
 e - a scroll of immolation {unknown}
 g - 3 scrolls of identify {unknown}
 h - a scroll of blinking {unknown}
Potions
 d - 3 potions of curing {unknown}
 f - 2 potions of enlightenment {unknown}
 i - a potion of heal wounds {unknown}
 l - a potion of degeneration {unknown}


   Skills:
 + Level 4.4 Fighting
 + Level 4.6 Polearms
 + Level 2.6 Armour
 + Level 2.8 Dodging


You had 2 spell levels left.
You didn't know any spells.
Your spell library contained the following spells:

 Spells                   Type           Power      Damage    Failure   Level
 Cigotuvi's Dreadful Rot  Necr/Pois/Air  0%         N/A       100%        2
 Dispel Undead            Necr           0%         3d6       100%        4
 Death Channel            Necr           0%         N/A       100%        6


Dungeon Overview and Level Annotations

Branches:
Dungeon (3/15)

Altars:


Innate Abilities, Weirdness & Mutations

You have a pair of horns on your head.
You reflexively headbutt those who attack you in melee.


Message History

Items here: )) [[ ††.
You barely miss the orc. You headbutt the orc, but do no damage.
You feel sick. The orc hits you but does no damage.
You hit the orc. Your headbutt misses the orc.
The orc is heavily wounded.
You feel sick.
The orc hits you with a +0 hand axe of venom.
You are more poisoned.
You hit the orc but do no damage.
The orc is heavily wounded.
You feel very sick. The orc barely misses you.
You closely miss the orc.
The orc is heavily wounded.
You feel very sick. The orc hits you but does no damage.
You are lethally poisoned!
You hit the orc.
The orc is almost dead.
* * * LOW HITPOINT WARNING * * *
You feel very sick. The orc barely misses you.
You hit the orc but do no damage.
The orc is almost dead.
* * * LOW HITPOINT WARNING * * *
You feel very sick. The orc barely misses you.
You barely miss the orc.
The orc is almost dead.
* * * LOW HITPOINT WARNING * * *
You feel very sick. The orc hits you but does no damage.
You hit the orc but do no damage.
The orc is almost dead.
* * * LOW HITPOINT WARNING * * *
You feel sick. The orc hits you but does no damage.
You are more poisoned.
You hit the orc but do no damage. Your headbutt misses the orc.
The orc is almost dead.
You die...

....# ....# ....#
....# o...# ....#
######....###
#.†.@o)..^...
#.#################
#.##....<#........#
#.##.#####.######.#
#.##...)..........#
#.########.######.#
#.# #........#
#.###############.#
#.................#


You could see an orc.

Vanquished Creatures
  An orc wizard (D:3)
  A worm (D:2)
  4 orcs
  A giant cockroach (D:1)
  A hobgoblin (D:1)
  2 kobolds
  A quokka (D:2)
  6 ball pythons
  4 bats
  4 frilled lizards
  A goblin (D:1)
  4 rats
30 creatures vanquished.

Notes
Turn   | Place    | Note
-------+----------+-------------------------------------------
     0 | D:1      | Curundu the Minotaur Berserker began the quest for the Orb.
     0 | D:1      | Reached XP level 1. HP: 19/19 MP: 0/0
   301 | D:1      | Reached XP level 2. HP: 25/27 MP: 1/1
   913 | D:2      | Identified the ring "Pus Qetu" {rC+ MP+9 Dex+4}
  1403 | D:3      | Reached XP level 3. HP: 31/33 MP: 2/2
  1422 | D:3      | Reached ** piety under Trog
  1434 | D:3      | Succumbed to an orc's poison

Illustrated notes

Levels and vault maps discovered:
D:1:      sevenhm_arrival_forest_fort_large_2, layout_basic
D:2:      layout_basic
D:3:      layout_basic, nicolae_overflow_crystal_walls,
          nicolae_qazlal_style_of_elements, grunt_gozag_statues,
          hellmonk_ghost_happy_afterlife

Skill      XL: |  1  2 |
---------------+-------+-----
Polearms       | 4 |  4.6
Fighting       | 4 |  4.4
Armour         | |  2.6
Dodging        | |  2.8

Action                     || total
---------------------------++-------
  Melee: Spear             ||    80
         Headbutt          ||    11
 Armour: Animal skin       ||    35
         Plate armour      ||    18
  Dodge: Dodged            ||    46

Table legend: (Time is in decaauts)
 A = Elapsed time spent in this place.
 B = Non-inter-level travel time spent in this place.
 C = Inter-level travel time spent in this place.
 D = Time resting spent in this place.
 E = Time spent auto-exploring this place.
 F = Levels seen in this place.
 G = Mean time per level.
                   A        B        C        D        E       F      G
               +--------+--------+--------+--------+--------+-----+--------+
         Total |   1425 |   1425 |      0 |      0 |   1134 |   3 |  475.0 |
       Dungeon |   1425 |   1425 |      0 |      0 |   1134 |   3 |  475.0 |
               +--------+--------+--------+--------+--------+-----+--------+

Top non-repeatable levels by time:
     D:1: 730 daAuts
     D:2: 585 daAuts
     D:3: 108 daAuts
